 Dungeon Sprint DCSS version 0.27.1-33-g824d729ab1 (webtiles) character file.

Game seed: 15745915074916728614

723 Hipnos the Covert (level 7, -5/33 HPs)
             Began as a Spriggan Enchanter on Nov 29, 2021.
             Was an Initiate of Dithmenos.
             Killed by drain life
             ... invoked by a soul eater
             ... summoned by a kobold demonologist
              (19 damage)
             ... in the Dungeon (Sprint I: "Red Sonja").
             The game lasted 00:03:02 (1124 turns).

Hipnos the Covert (Spriggan Enchanter)              Turns: 1124, Time: 00:03:02

Health: -5/33      AC:  2    Str:  4    XL:     7   Next: 43%
Magic:  5/18       EV: 21    Int: 16    God:    Dithmenos [......]
Gold:   405        SH:  0    Dex: 18    Spells: 7/19 levels left

rFire    . . .     SeeInvis +   a - +1 dagger
rCold    . . .     Faith    .   (shield restricted)
rNeg     . . .     Spirit   .   b - +0 robe
rPois    .         Reflect  .   (helmet restricted)
rElec    .         Harm     .   (no cloak)
rCorr    .         Rampage  .   (gloves unavailable)
Will     +....     NoTele   +   (boots unavailable)
Stlth    ++++++....             (no amulet)
HPRegen  0.11/turn              (no ring)
MPRegen  0.16/turn              (no ring)

@: very quick
A: very small, no large weapons, unfitting armour, see invisible, speed 3
a: Renounce Religion


You were in the Dungeon.
You worshipped Dithmenos.
Dithmenos was noncommittal.
You visited 1 branch You collected 405 gold pieces.

Inventory:

Hand Weapons
 a - a +1 dagger (weapon)
Armour
 b - a +0 robe (worn)
Scrolls
 d - a scroll of identify {unknown}
 h - a scroll of blinking
Potions
 c - a potion of curing
 f - 2 potions of magic


   Skills:
 + Level 1.4 Fighting
 + Level 3.9 Short Blades
 + Level 6.5 Dodging
 * Level 14.3 Stealth
 + Level 6.7 Spellcasting
 * Level 12.7 Hexes
 + Level 1.1 Ice Magic


You had 7 spell levels left.
You knew the following spells:

 Your Spells              Type           Power      Damage    Failure   Level
a - Corona                Hex            51%        N/A       1%          1
b - Ensorcelled Hibernat  Hex/Ice        54%        N/A       1%          2
c - Confusing Touch       Hex            46%        N/A       1%          3
d - Tukima's Dance        Hex            46%        N/A       1%          3
e - Dazzling Flash        Conj/Hex       50%        N/A       2%          3

Your spell library contained the following spells:

 Spells                   Type           Power      Damage    Failure   Level


Dungeon Overview and Level Annotations

Branches:
Dungeon (1/1)

Altars:
Cheibriados
Dithmenos
Elyvilon
Fedhas
Gozag
Hepliaklqana
Kikubaaqudgha
Makhleb
Nemelex Xobeh
Okawaru
Qazlal
Ru
Sif Muna
Trog
Uskayaw
Vehumet
Wu Jian
Xom
Yredelemnul
Zin
The Shining One
Jiyva
Lugonu

Shops:
D =


Innate Abilities, Weirdness & Mutations

You are very small and have problems with some larger weapons.
You are too small for most types of armour.
You have supernaturally acute eyesight. (SInv)
You cover ground extremely quickly. (Speed+++)


Message History

Your +0 dagger hits the kobold demonologist but does no damage.
The kobold demonologist mumbles some strange words.
The ufetubus barely misses your +0 dagger.
The ufetubus hits your +0 dagger.
Your Stealth skill increases to level 14!
Casting: Ensorcelled Hibernation (safe; 1% risk of failure)
Confirm with . or Enter, or press ? or * to list all spells.
Aiming: Ensorcelled Hibernation (safe; 1% risk of failure)
Press: ? - help, Shift-Dir - straight line, f - kobold demonologist
Aim: a kobold demonologist, wearing a +0 robe (moderately wounded, ally target, chance to affect: 38%)
The kobold demonologist easily resists.
The kobold demonologist misses you.
Your +0 dagger hits the kobold demonologist but does no damage.
The kobold demonologist mumbles some strange words.
The quasit bites you but does no damage.
The quasit claws you. The quasit completely misses you.
Casting: Ensorcelled Hibernation (safe; 1% risk of failure)
Confirm with . or Enter, or press ? or * to list all spells.
Aiming: Ensorcelled Hibernation (safe; 1% risk of failure)
Press: ? - help, Shift-Dir - straight line, f/p - kobold demonologist
Aim: a kobold demonologist, wearing a +0 robe (moderately wounded, ally target, chance to affect: 38%)
The kobold demonologist easily resists.
The ufetubus completely misses your +0 dagger.
The ufetubus hits your +0 dagger.
The quasit bites you but does no damage.
The quasit misses you. The quasit completely misses you.
The kobold demonologist hits you.
Your +0 dagger hits the kobold demonologist.
The kobold demonologist miscasts a cantrip.
The ufetubus misses your +0 dagger.
The ufetubus hits your +0 dagger.
Casting: Ensorcelled Hibernation (safe; 1% risk of failure)
Confirm with . or Enter, or press ? or * to list all spells.
Aiming: Ensorcelled Hibernation (safe; 1% risk of failure)
Press: ? - help, Shift-Dir - straight line, f/p - kobold demonologist
Aim: a kobold demonologist, wearing a +0 robe (moderately wounded, ally target, chance to affect: 38%)
The kobold demonologist looks drowsy...
The quasit disappears in a puff of smoke!
The shadow imp misses your +0 dagger.
The soul eater draws from the surrounding life force!
Ouch! That really hurt!
You die...

####################
'..#..'..#__#..5@K3#
#.)'..#..'^.'..#K3(#
##'#####'#__####555+
#..#...#[#### #####
####..##[#
___##'#_.+
∩..†'..._#
.__##_.#'#
___###+#.#


You could see a soul eater (summoned), 2 kobold demonologists, a neqoxec
(summoned), an iron imp (summoned), a quasit (summoned), a shadow imp
(summoned), an ufetubus (summoned) and a friendly +0 dagger.

Vanquished Creatures
  A slime creature (D)
  Sigmund (D)
  A yak (D)
  A floating eye (D)
  An ogre (D)
  A jelly (D)
  Ijyb (D)
7 creatures vanquished.

Notes
Turn   | Place    | Note
-------+----------+-------------------------------------------
     0 | D        | Hipnos the Spriggan Enchanter began the quest for the Orb.
     0 | D        | Reached XP level 1. HP: 9/9 MP: 5/5
     1 | D        | Noticed Ijyb
    15 | D        | Killed Ijyb
    16 | D        | Reached skill level 6 in Stealth
    16 | D        | Reached skill level 5 in Hexes
    16 | D        | Reached XP level 2. HP: 3/13 MP: 5/7
   389 | D        | Noticed an ogre
   392 | D        | Killed an ogre
   393 | D        | Reached skill level 9 in Stealth
   393 | D        | Reached XP level 3. HP: 16/16 MP: 7/9
   393 | D        | Reached XP level 4. HP: 21/21 MP: 8/11
   422 | D        | Noticed Sigmund
   454 | D        | Learned a level 2 spell: Ensorcelled Hibernation
   463 | D        | Killed Sigmund
   464 | D        | Reached skill level 5 in Dodging
   464 | D        | Reached skill level 11 in Stealth
   464 | D        | Reached skill level 5 in Spellcasting
   464 | D        | Reached skill level 10 in Hexes
   464 | D        | Reached XP level 5. HP: 7/25 MP: 5/13
   485 | D        | Learned a level 3 spell: Confusing Touch
   489 | D        | Learned a level 3 spell: Tukima's Dance
   493 | D        | Learned a level 3 spell: Dazzling Flash
   703 | D        | Found an ornate altar of the Wu Jian Council.
   703 | D        | Found a shimmering blue altar of Sif Muna.
   705 | D        | Found a radiant altar of Vehumet.
   716 | D        | Reached XP level 6. HP: 8/29 MP: 9/15
   972 | D        | Found Lauchefa's Jewellery Emporium.
   972 | D        | Found an ancient bone altar of Kikubaaqudgha.
   972 | D        | Found a hazy altar of Hepliaklqana.
   972 | D        | Found a stormy altar of Qazlal.
   972 | D        | Found a hide-covered altar of Uskayaw.
   972 | D        | Found a blossoming altar of Fedhas.
   972 | D        | Found a bloodstained altar of Trog.
   972 | D        | Found an iron altar of Okawaru.
   972 | D        | Found a basalt altar of Yredelemnul.
   972 | D        | Found a glowing golden altar of the Shining One.
   972 | D        | Found a snail-covered altar of Cheibriados.
   972 | D        | Found a sacrificial altar of Ru.
   972 | D        | Found a glowing silver altar of Zin.
   972 | D        | Found a shadowy altar of Dithmenos.
   972 | D        | Found a white marble altar of Elyvilon.
   972 | D        | Noticed a yak
   973 | D        | Found an opulent altar of Gozag.
   974 | D        | Killed a yak
   975 | D        | Reached skill level 1 in Fighting
   975 | D        | Reached skill level 13 in Stealth
   975 | D        | Found a sparkling altar of Nemelex Xobeh.
   982 | D        | Became a worshipper of Dithmenos the Shadowed
  1002 | D        | Found a burning altar of Makhleb.
  1002 | D        | Found a viscous altar of Jiyva.
  1002 | D        | Found a shimmering altar of Xom.
  1002 | D        | Found a corrupted altar of Lugonu.
  1002 | D        | Noticed a slime creature
  1010 | D        | Killed a slime creature
  1011 | D        | Reached skill level 1 in Ice Magic
  1011 | D        | Reached XP level 7. HP: 23/33 MP: 14/17
  1108 | D        | Noticed a kobold demonologist
  1109 | D        | Noticed a kobold demonologist
  1112 | D        | Paralysed by a floating eye for 4 turns
  1118 | D        | Noticed a neqoxec
  1120 | D        | Noticed a soul eater
  1122 | D        | Reached skill level 14 in Stealth
  1124 | D        | Killed from afar by a soul eater

Illustrated notes

Levels and vault maps discovered:
D:        dungeon_sprint_1 [red_sonja_temple_1, red_sonja_temple_small_1]

Skill      XL: |  1  2  3  4  5  6  7 |
---------------+----------------------+-----
Dodging        | 3 4 5 6 |  6.5
Stealth        | 6 9 11 13 14 | 14.3
Spellcasting   | 3 4 5 6 |  6.7
Hexes          | 5 8 10 12 | 12.7
Short Blades   | 2 3 |  3.9
Fighting       | 1 |  1.4
Ice Magic      | 1 |  1.1

Action                   |  1- 3 |  4- 6 |  7- 9 || total
-------------------------+-------+-------+-------++-------
Melee: Dagger            |    12 |    14 |     5 ||    31
 Cast: Ensorcelled Hiber |       |     6 |     4 ||    10
       Tukima's Dance    |       |       |     1 ||     1
       Dazzling Flash    |       |       |     1 ||     1
  Use: Potion            |     1 |     2 |       ||     3
 Stab: Sleeping          |     1 |     4 |     1 ||     6
Armor: Robe              |     1 |       |     3 ||     4
Dodge: Dodged            |     5 |     4 |    11 ||    20
